cohdb
Replays
Latest Replays
All Replays
Popular Replays
Top Player Replays
Match Explorer
How It Works
Community
CoH3 Stats
Reddit
Sign in to upload your games and track your stats! →
Sign in with Steam
Think it's interesting game for cast
Match 37548627
Overview
Messages
Build Orders
End
Pioneer Squad
Construct Infanterie Kompanie
Selects Breakthrough Battlegroup
Grenadier Squad
Grenadier Squad
MG 42 Machine Gun Team
Construct Luftwaffe Kompanie
Selects Assault Grenadiers
Selects Rapid Production
221 Scout Car
Jäger Squad
Jäger Squad
Luftwaffe Officer Quarters
Medical Bunker
Jäger Squad
Jäger Squad
Selects Blitzkrieg
Support Elements
Pioneer Squad
Wirbelwind Flakpanzer
Pioneer Squad
Selects Tiger Heavy Tank
Tiger Heavy Tank
Construct Panzergrenadier Kompanie
Nebelwerfer 42 Rocket Launcher Team
Selects Smoke Bombing Run
Selects Incendiary Bombing Run
Nebelwerfer 42 Rocket Launcher Team
Incendiary Bombing Run
Incendiary Bombing Run
Incendiary Bombing Run
Tiger Heavy Tank
Incendiary Bombing Run
Wirbelwind Flakpanzer
Incendiary Bombing Run
UMirinBrah?
DexN
0
0
Comments
sign in to comment!
No comments posted yet!